 Dungeon Crawl Stone Soup version 0.17-a0-1564-g7b572aa (webtiles) character file.

1355 urechis the Grappler (level 8, -5/72 HPs)
             Began as a Troll Monk on July 21, 2015.
             Shot with an arrow by a centaur (15 damage)
             ... on level 6 of the Dungeon.
             The game lasted 00:09:45 (4334 turns).

urechis the Grappler (Troll Monk)                   Turns: 4334, Time: 00:09:45

Health: -5/72      AC:  7    Str: 22    XL:     8   Next: 37%
Magic:  7/7        EV: 10    Int:  4    God:
Gold:   316        SH:  0    Dex: 12    Spells: 0 memorised, 7 levels left

rFire  + . .     SeeInvis .       - Unarmed
rCold  x . .     Clarity  .     n - +0 robe (curse)
rNeg   + . .     SustAt   .     (no shield)
rPois  .         Gourm    +     (helmet restricted)
rElec  .         Spirit   .     (no cloak)
rCorr  .         Warding  +     (gloves unavailable)
rMut   .         Stasis   .     (boots unavailable)
MR     +....                    f - amulet of warding
Stlth  +.........               x - ring of protection from magic
                                g - ring of fire

@: lethally poisoned (-5 -> -5), somewhat resistant to hostile enchantments,
very unstealthy
A: unfitting armour, antennae 1, claws 3, hooves 1, slimy green scales 1, blink
1, dopey 1, fast metabolism 3, frail 1, gourmand, regeneration 2, shaggy fur 1,
tough skin 2
a: Blink


You were on level 6 of the Dungeon.
You were not hungry.

You visited 1 branch of the dungeon, and saw 6 of its levels.

You collected 344 gold pieces.
You spent 28 gold pieces at shops.

Inventory:

Hand weapons
 a - a +0 blowgun
Missiles
 y - 49 poisoned needles
 z - 2 tomahawks (quivered)
Armour
 n - a cursed +0 robe (worn)
 D - a +0 cloak
Jewellery
 f - an amulet of warding (around neck)
 g - a ring of fire (left claw)
 x - a ring of protection from magic (right claw)
Magical devices
 q - a wand of heal wounds (4)
Scrolls
 c - 10 scrolls of identify
 d - 4 scrolls of recharging {unknown}
 j - a scroll of noise {unknown}
 k - 2 scrolls of teleportation {unknown}
 l - a scroll of magic mapping {unknown}
 r - 2 scrolls of remove curse {unknown}
 s - a scroll of amnesia {unknown}
 u - a scroll of fog {unknown}
 v - a scroll of immolation {unknown}
 C - a scroll of blinking {unknown}
Potions
 e - a potion of magic {unknown}
 i - a potion of lignification {unknown}
 m - a potion of berserk rage {unknown}
 p - 2 potions of flight {unknown}
 t - 2 potions of might {unknown}
 w - a potion of agility {unknown}
 A - a potion of ambrosia {unknown}
 B - a potion of haste
Comestibles
 b - 7 bread rations
 h - 2 beef jerkies
 o - 5 meat rations


   Skills:
 + Level 5.6 Fighting
 - Level 2.4 Dodging
 - Level 1.1 Stealth
 * Level 9.2 Unarmed Combat


You had 7 spell levels left.
You didn't know any spells.

Dungeon Overview and Level Annotations

Branches:
Dungeon (6/15)             Temple (0/1) D:4

Altars:

Shops:
D:6 *


Innate Abilities, Weirdness & Mutations

You are too large for most types of armour.
You have claws for hands.
Your metabolism is lightning-fast.
You like to eat raw meat.
You heal very quickly.
You are covered in fur (AC +1).
You have very tough skin (AC +2).
You have a pair of small antennae on your head.
You have large cloven feet.
You are partially covered in slimy green scales (AC +2).
You can translocate small distances at will.
You are dopey. (Int -2)
You are frail (-10% HP).


Message History

The worker ant bites you but does no damage.
The worker ant waves its antennae.
The worker ant bites you.
* * * LOW HITPOINT WARNING * * *
You are poisoned.
The worker ant poisons you!
You feel sick.
You feel sick. The bat hits you but does no damage.
A centaur comes into view.
The centaur shouts!
The bat misses you.
An orc comes into view. It is wielding a trident of distortion.
You barely miss the worker ant. The worker ant bites you.
* * * LOW HITPOINT WARNING * * *
The orc shouts!
You claw the worker ant!
The worker ant is almost dead.
You feel sick.
The centaur wields a shortbow.
The centaur shoots an arrow.
The arrow hits you!
You die...

## o .# . ####c ..
... #.####.#
#....#@# ###.##.#a#
#......5b#######
.#..[...#.....#
####..##....?#
#............#
#..#..#......#####.
#..#..#.....)......
.......#.####.##.##.


You could see a centaur, a worker ant, a crimson imp, an orc and a bat.

Vanquished Creatures
  Edmund (D:6)
  A sky beast (D:5)
  2 ice beasts
  2 ogres
  A big kobold (D:5)
  3 scorpions
  A giant frog zombie (D:5)
  2 crimson imps
  A hound (D:4)
  A centaur skeleton (D:5)
  A jelly (D:5)
  An iguana (D:4)
  5 worker ants
  A hound skeleton (D:4)
  5 adders
  4 gnolls (D:4)
  3 worms
  3 giant geckos
  4 orcs
  12 bats
  A bat skeleton (D:4)
  10 giant cockroaches
  16 goblins
  10 hobgoblins
  3 jackals (D:1)
  36 kobolds
  A ball python zombie (D:5)
  4 giant newts
  A quokka zombie (D:5)
  10 rats
  13 plants (D:5)
159 creatures vanquished.

Notes
Turn   | Place    | Note
--------------------------------------------------------------
     0 | D:1      | urechis the Troll Monk began the quest for the Orb.
     0 | D:1      | Reached XP level 1. HP: 22/22 MP: 0/0
   133 | D:1      | Reached XP level 2. HP: 29/29 MP: 1/1
   584 | D:1      | Reached XP level 3. HP: 36/36 MP: 2/2
   924 | D:2      | Reached skill level 5 in Unarmed Combat
  1124 | D:2      | Reached XP level 4. HP: 45/45 MP: 3/3
  1955 | D:4      | Noticed an ice beast
  1964 | D:4      | Killed an ice beast
  1964 | D:4      | Reached skill level 6 in Unarmed Combat
  1964 | D:4      | Reached XP level 5. HP: 50/54 MP: 4/4
  1983 | D:4      | Found a staircase to the Ecumenical Temple.
  2040 | D:4      | Noticed an ogre
  2056 | D:4      | Killed an ogre
  2056 | D:4      | Reached XP level 6. HP: 5/62 MP: 5/5
  2117 | D:4      | HP: 3/62 [gnoll/halberd (5)]
  2577 | D:4      | Reached skill level 7 in Unarmed Combat
  2617 | D:4      | Reached XP level 7. HP: 64/71 MP: 6/6
  2692 | D:5      | Entered Level 5 of the Dungeon
  2879 | D:5      | Reached skill level 8 in Unarmed Combat
  2898 | D:5      | Gained mutation: You can translocate small distances at will. [potion of mutation]
  2898 | D:5      | Gained mutation: You are partially covered in slimy green scales (AC +2). [potion of mutation]
  2898 | D:5      | Gained mutation: You are robust (+10% HP). [potion of mutation]
  2909 | D:5      | Reached skill level 5 in Fighting
  3047 | D:5      | Gained mutation: You have a pair of small antennae on your head. [potion of mutation]
  3047 | D:5      | Gained mutation: You are dopey. (Int -2) [potion of mutation]
  3048 | D:5      | Lost mutation: You are robust (+10% HP). [potion of mutation]
  3048 | D:5      | Gained mutation: You are frail (-10% HP). [potion of mutation]
  3048 | D:5      | Gained mutation: You have large cloven feet. [potion of mutation]
  3154 | D:5      | Reached XP level 8. HP: 33/72 MP: 7/7
  4256 | D:6      | Found Fuunnur's General Store.
  4267 | D:6      | Bought a scroll of identify for 28 gold pieces
  4269 | D:6      | Noticed Edmund
  4283 | D:6      | Killed Edmund
  4283 | D:6      | Reached skill level 9 in Unarmed Combat
  4334 | D:6      | Shot with an arrow by a centaur

Vault maps used:
D:1:      dpeg_arrival_concentric_ovals
D:2:      first_bread
D:4:      minmay_temple_entry_grid
D:5:      kennysheep_kobold_camp
D:6:      slow_altar_1, serial_shops, nicolae_shop_competitors_out_of_business,
          enter_ossuary_3, uniq_edmund, uniq_grinder

Action                   |  1- 3 |  4- 6 |  7- 9 || total
-------------------------+-------+-------+-------++-------
Melee: Unarmed           |   115 |   132 |   259 ||   506
  Use: Potion            |       |       |     5 ||     5
 Stab: Sleeping          |     3 |     3 |       ||     6
       Distracted        |       |     1 |       ||     1
  Eat: Chunk             |     8 |    14 |    18 ||    40
